Cogmind - Beta 13 @@@ ROGUE MODE // 2024.07.08 @ 18:51:56 Player: Gabriel Result: Destroyed by G-47 Trooper with Particle Gun Performance ------------- Evolutions (2) 1000 Regions Visited (3) 600 Robots Destroyed (50) 250 Value Destroyed (1200) 1200 Prototype IDs (5) 100 Alien Tech Used (0) 0 Bonus (0) 0 TOTAL SCORE: 3150 Bonus ------- None Cogmind --------- Core Integrity 0/550 Matter 99/300 Energy 300/300 System Corruption 0% Temperature Cool (9) Movement Core (50) Location -8/Materials Parts ------- > --- POWER (1) -------- (None) > --- PROPULSION (3) --- (None) > --- UTILITY (3) ------ Large Battery Hacking Suite > --- WEAPON (4) ------- (None) > --- INVENTORY (5) ---- Improved Flight Unit Small Storage Unit Huge Storage Unit Weight Redist. System Peak State ------------ > --- POWER ------------ Deuterium Engine > --- PROPULSION ------- Wheel Armored Wheel Armored Wheel > --- UTILITY ---------- Heat Sink Large Battery Hacking Suite > --- WEAPON ----------- Advanced Beam Cannon Advanced Beam Cannon Assault Cannon Assault Cannon > --- INVENTORY -------- Compact Wheel Improved Flight Unit Small Storage Unit Huge Storage Unit Weight Redist. System [Rating: 25] Favorites ----------- Power Ion Engine Engine Ion Engine Propulsion Aluminum Leg Leg Aluminum Leg Wheel Armored Wheel Flight Unit Improved Flight Unit Utility Small Storage Unit Device Weight Redist. System Storage Small Storage Unit Hackware Hacking Suite Weapon Advanced Beam Cannon Energy Gun Improved EM Shotgun Energy Cannon Advanced Beam Cannon Ballistic Gun Assault Rifle Ballistic Cannon Assault Cannon Build | -11 -10 -9 -8 ------- Run | Yrd Mat Mat Mat Slots Evolved 4 | . . 2 2 Power . | . . . . Propulsion 1 | . . . 1 Utility 1 | . . 1 . Weapon 2 | . . 1 1 Parts Attached 38 | 5 7 19 7 Power 5 | . 1 3 1 Engine 5 | . 1 3 1 Core . | . . . . Reactor . | . . . . Propulsion 9 | 2 . 5 2 Treads . | . . . . Leg 2 | 2 . . . Wheel 6 | . . 4 2 Hover . | . . . . Flight 1 | . . 1 . Utility 12 | 1 5 5 1 Device 6 | . 2 4 . Storage 5 | 1 3 1 . Processor . | . . . . Hackware 1 | . . . 1 Protection . | . . . . Artifact . | . . . . Weapon 12 | 2 1 6 3 Energy Gun 2 | . . 2 . Energy Cannon 5 | . 1 3 1 Ballistic Gun 3 | 2 . 1 . Ballistic Cannon 2 | . . . 2 Launcher . | . . . . Special Weapon . | . . . . Impact Weapon . | . . . . Slashing Weapon . | . . . . Piercing Weapon . | . . . . Special Melee Weapon . | . . . . Unidentified Prototypes 3 | . . 3 . Parts Lost 17 | . 1 5 11 Power 3 | . . 2 1 Propulsion 4 | . . . 4 Utility 3 | . . 2 1 Weapon 7 | . 1 1 5 Highest Loss Streak 10 | . 1 2 10 To Critical Strikes . | . . . . Average Slot Usage (%) 89 | . 88 93 84 Engine 7 | . 7 8 7 Leg 12 | . 28 11 . Wheel 10 | . . 10 22 Device 15 | . 10 18 11 Storage 11 | . 13 11 9 Hackware 1 | . . . 5 Energy Gun 3 | . . 6 1 Energy Cannon 15 | . 5 19 15 Ballistic Gun 8 | . 21 5 . Ballistic Cannon 2 | . . . 11 Naked Turns . | . . . . Heaviest Build 31 | 9 16 22 31 Greatest Support 40 | 20 20 30 40 Greatest Overweight (x) 2 | . . . 2 Average Overweight (x) . | . . . . Largest Inventory Capacity 25 | 8 25 8 5 Average Capacity 6 | 7 8 7 5 Most Carried 8 | 5 3 8 5 Average Carried 3 | . 1 5 4 Final Capacity 8 | 8 8 5 5 Final Carried 5 | . 3 5 4 Class Distribution -------------------- 59% | Gunner 39% | Mutant Dominant Class ---------------- Mutant | -10/Materials Gunner | -9/Materials Gunner | -8/Materials Resources | -11 -10 -9 -8 ----------- Run | Yrd Mat Mat Mat Matter Collected 907 | 250 227 252 178 Remotely . | . . . . Salvage Created 1797 | . 227 1101 469 Parts 106 | . 8 75 23 Haulers Intercepted 1 | . . 1 . Recyclers Shooed . | . . . . Parts Field Recycled . | . . . . Retrieved Matter . | . . . . Parts Self-Destructed . | . . . . Prevented . | . . . . Kills | -11 -10 -9 -8 ------- Run | Yrd Mat Mat Mat Combat Hostiles Destroyed 32 | . 5 22 5 Guns 14 | . 3 11 . Cannons 15 | . 1 9 5 AOE 1 | . . 1 . Classes Destroyed 11 | . 1 9 1 Worker 3 | . . 3 . Builder 3 | . . 2 1 Tunneler 1 | . . 1 . Hauler 1 | . . 1 . Recycler 4 | . . 1 3 Mechanic 1 | . . . 1 Operator 2 | . . 2 . Watcher 3 | . . 3 . Swarmer 7 | . . 7 . Grunt 21 | . 5 12 4 Sentry 4 | . . 3 1 Best Kill Streak 6 | . 1 6 2 Combat Bots Only 5 | . 1 5 1 Max Kills in Single Turn 2 | . 1 2 1 Gunslinging . | . . . . Exploded 1 | . . 1 . Melee . | . . . . Uniques/NPCs Destroyed . | . . . . Combat | -11 -10 -9 -8 -------- Run | Yrd Mat Mat Mat Hostile Shots Fired 213 | . 25 94 94 Missed 57 | . 9 22 26 Damage Taken 2448 | . 271 813 1364 Core 673 | . 35 79 559 Absorbed by Shields . | . . . . Core Remaining (%) 88 | 100 86 80 . Volleys Fired 150 | . 34 64 52 Largest 4 | . 2 3 4 Hottest 225 | . 80 186 225 Shots Fired 375 | . 68 189 118 Gun 134 | . 56 75 3 Cannon 241 | . 12 114 115 Launcher . | . . . . Special . | . . . . Kinetic 149 | . 56 35 58 Thermal 200 | . 12 131 57 Explosive . | . . . . Electromagnetic 26 | . . 23 3 Robot Hit Streak 11 | . 6 9 11 Robot Miss Streak 6 | . 4 5 6 Penetration Max . | . . . . Secondary Targets . | . . . . Shots Hit Robots 160 | . 19 84 57 Core Hits 69 | . 8 43 18 Critical Kills 2 | . 1 1 . Critical Parts Destroyed 1 | . 1 . . Critical Strikes 4 | . 2 2 . Burn 1 | . . 1 . Meltdown 2 | . 1 1 . Destroy 1 | . 1 . . Melee Attacks . | . . . . Impact . | . . . . Slashing . | . . . . Piercing . | . . . . Sneak Attacks . | . . . . Combat Hostiles . | . . . . Follow-up Attacks . | . . . . Damage Inflicted 3409 | . 241 1796 1372 Guns 860 | . 184 641 35 Cannons 2291 | . 51 903 1337 Explosions 233 | . . 233 . Melee . | . . . . Ramming 25 | . 6 19 . Kinetic 1200 | . 184 177 839 Thermal 1822 | . 51 1273 498 Explosive . | . . . . Electromagnetic 362 | . . 327 35 Impact . | . . . . Slashing . | . . . . Piercing . | . . . . Highest Corruption 2 | . . 2 . Average Corruption 1 | . . 1 . Corruption Purged . | . . . . Corruption Blocked . | . . . . Effects 4 | . . 4 . Matter Fused 2 | . . 2 . Data Loss (major) 1 | . . 1 . Misfires 1 | . . 1 . Overload Shots . | . . . . Overflow Damage 69 | . 8 38 23 Projectiles 44 | . . 21 23 Explosions 25 | . 8 17 . Melee . | . . . . Knockbacks 16 | . . . 16 Impact . | . . . . Kinetic 15 | . . . 15 Secondary 1 | . . . 1 Self-Inflicted Damage 140 | . 97 43 . Shots 2 | . 1 1 . Rammed 2 | . . 2 . Targets Rammed 6 | . 2 4 . Kicked 4 | . 2 2 . Crushed . | . . . . Highest Temperature 609 | . 2 319 609 Average Temperature 118 | . 2 101 161 Received Heat Transfer 1065 | . 96 285 684 Effects 11 | . . . 11 Shutdowns 1 | . . . 1 Energy Bleed 2 | . . . 2 Interference 3 | . . . 3 Matter Decay 1 | . . . 1 Short Circuit 1 | . . . 1 Damage (core) 3 | . . . 3 Siege Activations . | . . . . Robots Corrupted . | . . . . Combat Hostiles . | . . . . Parts Fried . | . . . . Impact Corruptions . | . . . . Robots Melted 2 | . 1 1 . Combat Hostiles 2 | . 1 1 . Parts Melted 11 | . 3 8 . Heat Transferred 3445 | . 111 2446 888 Parts Sabotaged . | . . . . Parts Stolen . | . . . . Parts Stripped . | . . . . Power Chain Reactions 2 | . . 2 . Alert | -11 -10 -9 -8 ------- Run | Yrd Mat Mat Mat Peak Influence 420 | . 203 420 367 Initial 177 | . . 13 177 Average 148 | . 58 195 243 Maximum Alert Level 2 | . 1 2 1 Low Security (%) 61 | 100 95 48 29 Level 1 35 | . 4 46 70 Level 2 2 | . . 5 . Level 3 . | . . . . Level 4 . | . . . . Level 5 . | . . . . High Security . | . . . . Max Security . | . . . . Squads Dispatched 10 | . 3 5 2 Investigation 4 | . 1 3 . Extermination . | . . . . Reinforcement 6 | . 2 2 2 Assault . | . . . . Garrison . | . . . . Intercept . | . . . . Searches Triggered . | . . . . Construction Impeded 2 | . . 1 1 Haulers Reinforced . | . . . . Active Scanning Responses . | . . . . Cargo Convoy Interrupts . | . . . . Stealth | -11 -10 -9 -8 --------- Run | Yrd Mat Mat Mat Distress Signals 5 | . 2 2 1 Communications Jammed . | . . . . Distress Signals . | . . . . Times Spotted 50 | . 7 28 15 Peak Tracking Total 5 | . 2 5 5 Tactical Retreats 2 | . . 2 . Traps | -11 -10 -9 -8 ------- Run | Yrd Mat Mat Mat Traps Triggered 1 | . . . 1 Indirectly . | . . . . Trap Hack Attempts . | . . . . Triggered . | . . . . Disarmed . | . . . . Reprogrammed . | . . . . Reused . | . . . . Traps Extracted . | . . . . Installed . | . . . . Triggered . | . . . . Machines | -11 -10 -9 -8 ---------- Run | Yrd Mat Mat Mat Machines Disabled 4 | . 2 2 . Max in Single Turn 2 | . 2 1 . Machines Repaired . | . . . . Machines Dismantled . | . . . . Machines Sabotaged . | . . . . Overloaded Fab Kills . | . . . . Hacking | -11 -10 -9 -8 --------- Run | Yrd Mat Mat Mat Machines Accessed 8 | . 3 3 2 Terminals 6 | . 2 3 1 Fabricators . | . . . . Repair Stations . | . . . . Recycling Units 1 | . 1 . . Scanalyzers 1 | . . . 1 Garrison Access . | . . . . Total Hacks 36 | . 15 16 5 Successful 17 | . 6 8 3 Failed 18 | . 9 7 2 Catastrophic . | . . . . Database Lockouts 1 | . . 1 . Manual . | . . . . Terminals 29 | . 11 16 2 Fabricators . | . . . . Repair Stations . | . . . . Recycling Units 4 | . 4 . . Scanalyzers 3 | . . . 3 Garrison Access . | . . . . Terminal Hacks 12 | . 3 8 1 Record 6 | . . 6 . Prototype ID Bank 1 | . 1 . . Level Access Points 1 | . 1 . . Branch Access Points 1 | . . 1 . Registered Components 1 | . . . 1 Zone Layout 2 | . 1 1 . Fabricator Hacks . | . . . . Repair Station Hacks . | . . . . Recycling Unit Hacks 3 | . 3 . . Report Inventory 1 | . 1 . . Retrieve Matter 1 | . 1 . . Retrieve Components 1 | . 1 . . Scanalyzer 2 | . . . 2 Insert Component 1 | . . . 1 Analyze 1 | . . . 1 Garrison Access Hacks . | . . . . Unauthorized Hacks . | . . . . Terminals . | . . . . Fabricators . | . . . . Repair Stations . | . . . . Recycling Units . | . . . . Scanalyzers . | . . . . Garrison Access . | . . . . Data Cores Recovered . | . . . . Used . | . . . . Hacking Detections 6 | . 2 3 1 Full Trace Events 4 | . 1 3 . Feedback Events 1 | . . 1 . Corruption 1 | . . 1 . Feedback Blocked . | . . . . Robot Schematics Acquired . | . . . . Robots Built . | . . . . Authchips . | . . . . Time . | . . . . Total Robot Build Rating . | . . . . Part Schematics Acquired 1 | . . . 1 Parts Built . | . . . . Authchips . | . . . . Time . | . . . . Total Part Build Rating . | . . . . Parts Repaired . | . . . . Time . | . . . . Parts Recycled . | . . . . Recycled Matter . | . . . . Retrieved Matter 246 | . 246 . . Retrieved Components 9 | . 9 . . Parts Scanalyzed 1 | . . . 1 Part Schematics Acquired 1 | . . . 1 Parts Damaged . | . . . . Bothacking | -11 -10 -9 -8 ------------ Run | Yrd Mat Mat Mat Used RIF Installer . | . . . . Robots Hacked . | . . . . Non-combat . | . . . . Combat . | . . . . Robot Hacks Applied . | . . . . Relay Couplers Released . | . . . . Fabnet Peak Effective % . | . . . . Robots Rewired . | . . . . Allies Hacked . | . . . . Hacks Repelled . | . . . . Allies | -11 -10 -9 -8 -------- Run | Yrd Mat Mat Mat Total Allies . | . . . . Largest Group . | . . . . Highest-Rated Group . | . . . . Highest-Rated Ally . | . . . . Total Orders . | . . . . Ally Attacks . | . . . . Total Damage . | . . . . Kills . | . . . . Allies Corrupted . | . . . . Allies Melted . | . . . . Intel | -11 -10 -9 -8 ------- Run | Yrd Mat Mat Mat Robot Analysis Total . | . . . . Derelict Logs Recovered . | . . . . Drone Launches . | . . . . Drone Recoveries . | . . . . Exploration | -11 -10 -9 -8 ------------- Run | Yrd Mat Mat Mat Turns Passed 2426 | 374 489 1049 514 Spaces Moved 1180 | 72 295 530 283 Core 38 | 34 . . 4 Treads . | . . . . Legs 609 | 38 295 276 . Wheels 533 | . . 254 279 Hover . | . . . . Flight . | . . . . Fastest Speed 50 | 50 120 85 86 Average Speed 104 | 86 120 105 88 Slowest Speed 150 | 120 120 120 150 Overloaded Moves . | . . . . Propulsion Burnouts . | . . . . Robots Hopped . | . . . . Cave-ins Triggered . | . . . . Exploration Rate (%) 32 | 8 60 38 23 Regions Visited 3 Branch Regions . Pre-discovered Areas . | . . . . Known Exits Taken 1 | . 1 . . Unknown Exits Taken 2 | 1 . 1 . Scrap Searched . | . . . . Spaces Dug 1 | . . . 1 Terrain Destroyed 83 | . 44 23 16 Melee . | . . . . Projectile 17 | . . 1 16 AOE 66 | . 44 22 . Terrain Rammed . | . . . . Walls Destroyed . | . . . . Machines Disabled . | . . . . Actions | -11 -10 -9 -8 --------- Run | Yrd Mat Mat Mat Total 2074 | 385 359 877 453 Wait 655 | 296 16 235 108 Move 1177 | 71 294 529 283 Hop . | . . . . Pick Up 32 | 9 6 16 1 Fast Attach 5 | . . 1 4 Attach 18 | 5 3 9 1 Detach 1 | . . 1 . Swap 15 | . 4 9 2 Drop 15 | 4 . 9 2 Fire 150 | . 34 64 52 Melee . | . . . . Ram 2 | . . 2 . Kick 4 | . 2 2 . Crush . | . . . . Escape Stasis . | . . . . Rewire . | . . . . Trap . | . . . . Miscellaneous . | . . . . Route ------- -11/Scrapyard -10/Materials (discovered 4 exits: *Mat x3 / [*Min]) -9/Materials (discovered 4 exits: *Mat / Min / *Sto x2) -8/Materials History --------- Turn | Location | Event 16 | -11/Scrapyard | Discovered new exit (range 14) 375 | -11/Scrapyard | Entered Materials 376 | -10/Materials | Build established: Mutant 666 | -10/Materials | Discovered new exit (range 7) 674 | -10/Materials | Identified exit to Materials 864 | -10/Materials | Entered another Materials area 864 | -9/Materials | Evolved 2 slots: Utility x1, Weapon x1 885 | -9/Materials | Identified exit to Mines 885 | -9/Materials | Identified exit to Storage 1343 | -9/Materials | Build established: Gunner 1615 | -9/Materials | Central database locked down 1890 | -9/Materials | Discovered new exit (range 11) 1913 | -9/Materials | Entered another Materials area 1913 | -8/Materials | Evolved 2 slots: Propulsion x1, Weapon x1 2316 | -8/Materials | Core integrity fell below 50% 2420 | -8/Materials | Core integrity fell below 20% 2427 | -8/Materials | Destroyed by G-47 Trooper with Particle Gun Last Messages --------------- Assault Cannon destroyed. G-47 Trooper knocked back. U-05 Engineer builds a Wall. Critical hit (Burn: +37). G-47 Trooper destroyed. Arm. Wheel destroyed. G-47 Trooper knocked back. Heat Sink destroyed. U-05 Engineer builds a Wall. Destroyed Imp. Heat Sink. G-47 Trooper knocked back. U-05 Engineer knocked back. Broken Adv. Beam Cannon destroyed. Com. Wheel destroyed. Critical hit (Burn: +37). G-50 Soldier knocked back. G-47 Trooper knocked back. G-50 Soldier knocked back. U-05 Engineer builds a Wall. Assault Cannon destroyed. Map ----- +----------------------------------------------------+ | ?????????????????????????????????????????????????? | | ?????????????????????????????????????????????????? | | ????????+????????????????????????????????????????? | | ????????# ?????????????????????????????????????? | | ????????# ?????????????????????????????????????? | | ????????# ?????????????????????????????????????? | | ????????? ?????????????????????????????????????? | | ????????? ?????????????????????????????????????? | | ????????? ?????????????????????????????????????? | | ?????????# ???????#######???????#???????????????? | | ?????????# #??????# ###????? ???????????????? | | ?????????# #??????# ????? "???????????????? | | ?????????# #??????# #????? ????????????????? | | ?????????# #??????## #??### ????????????????? | | ?????????# ############ ##############??????????? | | ?????????# % #??????????? | | ?????????# % % #??????????? | | ?????????# %% #?????????## | | ??######?# ############+### !%#### #????????# # | | ??# ?#*=#?????????# ## #??# #??????? ##? | | ?# """ #!%#?????????# ## #??# #?????? #?? | | ?# """ #=!#?????????#= ## #?## ##???? #?? | | ?# """ + #?????????# % ## #?# %% ##### ### | | ?# # *#?????????#g g/ #?# % % ^^^ %# | | ?# = # %#?????????# ## #?# % # | | ######### =#?????????# !@## #?# % %%# | | !!^! % #?????????###### #?# ####### %+ | | !!! +??????????????# #?#######????## # | | !! #??????????????# #?????????????# # | | #??????????????# #?????????????# % # | | #??????????????# #?????????????" # | | """ #??????????????# #?????????????"% # | | """ ""#??????????????# #?????????????# # | | """ T"#??????????????# #?????????????+ + | | ""#??????????????# #?????????????# # | | #??????????????# % ############### # | | + ?????????????# + # # | | # ### # !????????????# ###### # %=# | | # #?# ####+###?####### #???##| # # | | # #?# #### #"##" ## ###???## ! # # | | ########## %! ## ###????#*! * + + | | ???# = !## #??????# *%! # # | | ???# ######+####### ## #??????# =! # # | | ???# #?# ######+####+#??????# # # | | ???# #?# = # #??????# ##### | | ???# #?# #! #??????#"####"###???? | | #### ### # #??????##???###?????? | | + ] # """ """ #???????????????????? | | ########### #! """ """ #???????????????????? | | ??????????######## """ """ #???????????????????? | +----------------------------------------------------+ Best States ------------- Heat Dissipation 41 Coolant Potential 50 Energy Generation 14 Energy Capacity 475 Matter Stores 300 Matter Capacity 300 Sight Range 16 Terrain Scan Density 10 Additional Mass Support 6 Evasion (%) 55 Offensive Hacking 10 Item Schematics ----------------- Adv. Beam Cannon | -8/Materials | Scanalyzed Robot Schematics ------------------ None Fabricated ------------ Nothing Alien Tech Used ----------------- None Achievements -------------- None Challenges ------------ None Game ------ Seed MyomerExplosiveMace Manual? 0 Play Time 00:32:12 Cumulative 2.5 hours Start 2024.07.08 @ 18:17:48 End 2024.07.08 @ 18:51:56 Sessions 1 Manual Loads 0 Difficulty Rogue Special Mode None Game No. 4 Rogue 4 Adventurer 0 Explorer 0 Win Type - Total 0 Types 0/0/0/0/0/0/0/0/0 Lore% 2 Gallery% 5 Achievement% 5 Wizard Run 0 Options --------- Layout 1 ASCII 0 Keyboard 0 Movement Mouse Keybinds 0 Fullscreen 1 Font 24/Terminus Map View 50x35 Zoom Use 0% Tactical HUD 0 Map Filters NONE Filters NONE Steam 1 RUN: cfaa9e84-4096-4bc1-b306-5efa09abcf93